 Dungeon Crawl Stone Soup version 0.17-a0-2208-ge5ab1d3 (webtiles) character file.

2243 Ijustatesigmund the Covert (level 9, -4/56 HPs)
             Began as an Octopode Wizard on Oct 26, 2015.
             Was a Follower of Cheibriados.
             Slain by an ice beast (13 damage)
             ... on level 7 of the Dungeon.
             The game lasted 00:27:28 (7910 turns).

Ijustatesigmund the Covert (Octopode Wizard)        Turns: 7910, Time: 00:27:29

Health: -4/56      AC:  3    Str:  9    XL:     9   Next: 37%
Magic:  6/13       EV: 14    Int: 25    God:    Cheibriados [*.....]
Gold:   204        SH:  0    Dex: 12    Spells: 4 memorised, 6 levels left

rFire  . . .     SeeInvis .     y - +3 dagger
rCold  . . .     Clarity  .     (no shield)
rNeg   . . .     SustAt   .     a - +2 hat
rPois  .         Gourm    .     (no amulet)
rElec  .         Spirit   .     z - ring of stealth
rCorr  .         Warding  .     (no ring)
rMut   .         Stasis   .     (no ring)
MR     .....                    (no ring)
Stlth  ++++++....               (no ring)
                                (no ring)
                                (no ring)
                                (no ring)

@: repel missiles, drained, very slow, not resistant to hostile enchantments,
very stealthy
A: almost no armour, amphibious, 8 rings, constrict 8, camouflage 1, gelatinous
body 1
a: Bend Time, Renounce Religion


You were on level 7 of the Dungeon.
You worshipped Cheibriados.
Cheibriados was aware of your devotion.
You were hungry.

You visited 2 branches of the dungeon, and saw 8 of its levels.

You collected 204 gold pieces.

Inventory:

Hand Weapons
 e - a +1 short sword
 k - a +0 blowgun
 r - a +0 hunting sling of freezing
 y - a +3 dagger (weapon)
Missiles
 o - 25 poisoned needles
Armour
 a - a +2 hat (worn)
Jewellery
 d - an uncursed amulet of stasis
 z - a ring of stealth (left tentacle)
Scrolls
 i - 3 scrolls of remove curse
 l - a scroll of enchant armour
 n - a scroll of magic mapping
 q - 2 scrolls of fog
 w - a scroll of blinking
Potions
 f - 2 potions of might
 h - a potion of agility {unknown}
 j - a potion of curing
 m - 2 potions of invisibility {unknown}
 p - a potion of poison {unknown}
 s - 2 potions of magic
 t - a potion of degeneration {unknown}
 u - a potion of haste {unknown}
 v - a potion of berserk rage {unknown}
 x - a potion of heal wounds {unknown}
 A - a potion of ambrosia {unknown}
Books
 b - a book of Minor Magic

   Spells                             Type                      Level
   a - Magic Dart                     Conjuration                  1
   b - Blink                          Translocation                2
   c - Call Imp                       Summoning                    2
   d - Repel Missiles                 Charms/Air                   2
   e - Slow                           Hexes                        2
   f - Conjure Flame                  Conjuration/Fire             3
   g - Mephitic Cloud                 Conjuration/Poison/Air       3
Comestibles
 c - 2 bread rations
 g - a meat ration


   Skills:
 - Level 3.1(2.5) Fighting
 - Level 4.0(3.4) Short Blades
 + Level 6.3(5.7) Dodging
 - Level 8.0(7.3) Stealth
 - Level 3.0(2.4) Spellcasting
 - Level 4.0(3.4) Conjurations
   Level 1.0(0.4) Summonings
 - Level 1.0(0.4) Translocations
 - Level 2.2(1.7) Air Magic
 - Level 2.2(1.6) Poison Magic
 + Level 5.4(4.8) Invocations


You had 6 spell levels left.
You knew the following spells:

 Your Spells              Type           Power        Failure   Level  Hunger
a - Magic Dart            Conj           ###.         2%          1    None
b - Blink                 Tloc           N/A          14%         2    ##.....
c - Repel Missiles        Chrm/Air       #.....       14%         2    ##.....
d - Mephitic Cloud        Conj/Pois/Air  ##......     14%         3    ###....


Dungeon Overview and Level Annotations

Branches:
Dungeon (7/15)             Temple (1/1) D:5

Altars:
Ashenzari
Cheibriados
Dithmenos
Elyvilon
Fedhas
Gozag
Kikubaaqudgha
Makhleb
Nemelex Xobeh
Okawaru
Qazlal
Ru
Sif Muna
Trog
Vehumet
Xom
Yredelemnul
Zin
The Shining One

Shops:
D:5 [(}[


Innate Abilities, Weirdness & Mutations

You cannot wear most types of armour.
You are amphibious.
You can wear up to eight rings at the same time.
You can use your tentacles to constrict eight enemies at once.
Your skin changes colour to match your surroundings (Stealth).
Your rubbery body absorbs attacks (AC +1).


Message History

An adder comes into view.
There is a stone staircase leading down here.
The iguana closely misses you.
All of the chunks of flesh in your inventory have rotted away.
You climb downwards.
An ice beast and a centaur come into view.
Found an escape hatch in the floor.
There is a stone staircase leading up here.
The helpless centaur fails to defend itself.
You skewer the centaur like a kebab!!!
You kill the centaur!
Cheibriados thoroughly appreciates the change of pace.
The iguana bites you!
* * * LOW HITPOINT WARNING * * *
Casting: Blink
Confirm with . or Enter, or press ? or * to list all spells.
You blink.
The ice beast hits you.
* * * LOW HITPOINT WARNING * * *
The ice beast freezes you!
You die...

..# ..# #
>.###.#
..#...
######....##
#..........#
#..........#
#....@.....#
#.....Y....#
#...l§)....#
#..........#
#..........#
#..........#
############


You could see an ice beast and an iguana.

Vanquished Creatures
  Eustachio (D:6)
  A hippogriff (D:5)
  Menkaure (D:4)
  A water moccasin (D:5)
  Edmund (D:6)
  An ice beast (D:5)
  2 centaurs
  4 ogres
  A sky beast (D:5)
  Blork the orc (D:4)
  4 scorpions
  A crimson imp (D:5)
  A hound (D:5)
  An iguana (D:5)
  2 worker ants
  Crazy Yiuf (D:5)
  3 giant frog skeletons
  Natasha (thrice) (D:3)
  4 orc wizards (D:5)
  A hound zombie (D:5)
  10 adders
  2 shadow imps
  2 oozes
  5 worms
  4 giant geckos
  13 orcs
  5 bats
  5 giant cockroaches
  10 goblins
  8 hobgoblins
  10 jackals
  3 ball pythons
  A ball python skeleton (D:4)
  5 giant newts
  A jackal skeleton (D:4)
  11 kobolds
  A quokka skeleton (D:4)
  12 rats
143 creatures vanquished.

Notes
Turn   | Place    | Note
--------------------------------------------------------------
     0 | D:1      | Ijustatesigmund the Octopode Wizard began the quest for the Orb.
     0 | D:1      | Reached XP level 1. HP: 11/11 MP: 4/4
   208 | D:1      | Reached XP level 2. HP: 1/17 MP: 0/6
   212 | D:1      | Learned a level 2 spell: Blink
   215 | D:1      | Learned a level 2 spell: Repel Missiles
   915 | D:1      | Reached skill level 4 in Stealth
   915 | D:1      | Reached XP level 3. HP: 21/21 MP: 0/7
   920 | D:1      | Learned a level 3 spell: Mephitic Cloud
  1616 | D:2      | Reached XP level 4. HP: 27/27 MP: 0/8
  1868 | D:2      | Reached skill level 1 in Poison Magic
  2122 | D:2      | Reached skill level 1 in Air Magic
  2468 | D:3      | Reached skill level 5 in Stealth
  2619 | D:3      | Noticed Natasha
  2628 | D:3      | Killed Natasha
  2628 | D:3      | Reached XP level 5. HP: 31/31 MP: 0/9
  2910 | D:3      | Noticed Natasha
  2920 | D:3      | Killed Natasha
  3075 | D:3      | Noticed Natasha
  3076 | D:3      | Killed Natasha
  3503 | D:3      | Reached skill level 1 in Short Blades
  3809 | D:4      | Reached XP level 6. HP: 24/36 MP: 5/10
  3859 | D:4      | Found a burning altar of Makhleb.
  4011 | D:4      | Noticed Blork the orc
  4334 | D:4      | Noticed Menkaure
  4354 | D:4      | Killed Menkaure
  4525 | D:4      | Killed Blork the orc
  4525 | D:4      | Reached skill level 6 in Stealth
  4525 | D:4      | Reached XP level 7. HP: 41/41 MP: 1/11
  4988 | D:5      | Entered Level 5 of the Dungeon
  5038 | D:5      | Found Lini Ara's Gadget Boutique.
  5056 | D:5      | Reached skill level 1 in Fighting
  5332 | D:5      | Found Doivigil's Armour Boutique.
  5487 | D:5      | Reached skill level 7 in Stealth
  5515 | D:5      | Found Kaben's Armour Boutique.
  5545 | D:5      | Reached XP level 8. HP: 15/50 MP: 7/12
  5578 | D:5      | HP: 2/50 [poisoned by a water moccasin]
  5886 | D:5      | Noticed Crazy Yiuf
  5895 | D:5      | Killed Crazy Yiuf
  6207 | D:5      | Found Kaowav's Antique Weapon Boutique.
  6369 | D:5      | Found a staircase to the Ecumenical Temple.
  6384 | Temple   | Entered the Ecumenical Temple
  6491 | Temple   | Became a worshipper of Cheibriados the Contemplative
  6553 | D:5      | Reached skill level 8 in Stealth
  6567 | D:5      | Reached skill level 1 in Invocations
  6964 | D:5      | Found a bloodstained altar of Trog.
  7466 | D:5      | Reached skill level 5 in Dodging
  7466 | D:5      | Reached XP level 9. HP: 56/56 MP: 9/13
  7529 | D:6      | Noticed Edmund
  7541 | D:6      | Killed Edmund
  7692 | D:6      | Noticed Eustachio
  7702 | D:6      | Reached * piety under Cheibriados
  7889 | D:6      | Killed Eustachio
  7889 | D:6      | Reached skill level 5 in Invocations
  7910 | D:7      | Slain by an ice beast

Vault maps used:
D:1:      saegor_arrival_simple_e, serial_curves, eino_curves_03,
          eino_curves_01, eino_curves_04
D:2:      corexii_corridor_pit, minmay_goblin_outpost
D:3:      nrook_mini_vaults, uniq_natasha
D:4:      marbit_many_paths, uniq_blork_the_orc, uniq_menkaure
D:5:      minmay_temple_entry_glassed_door, first_bread, serial_shops,
          nicolae_shop_statue_plus, kennysheep_mini_moat, shop_fountains,
          nicolae_shop_window_shopping, grunt_decor_cap, trog_book,
          uniq_crazy_yiuf_cottage
D:6:      kennysheep_generic_room_8, uniq_eustachio, uniq_edmund
Temple:   kilobyte_greek_temple_18

Action                   |  1- 3 |  4- 6 |  7- 9 || total
-------------------------+-------+-------+-------++-------
Melee: Unarmed           |    29 |       |       ||    29
       Short sword       |    13 |    46 |    37 ||    96
       Dagger            |     1 |       |    94 ||    95
 Cast: Magic Dart        |    64 |   168 |    98 ||   330
       Repel Missiles    |     1 |       |       ||     1
       Mephitic Cloud    |       |     1 |    12 ||    13
       Blink             |       |       |     3 ||     3
  Use: Scroll            |     4 |     6 |     3 ||    13
       Potion            |       |       |     2 ||     2
 Stab: Sleeping          |     2 |     6 |    12 ||    20
       Confused          |       |       |    12 ||    12
       Distracted        |       |       |     2 ||     2
  Eat: Chunk             |     2 |     6 |     4 ||    12
       Bread ration      |       |     1 |     1 ||     2
       Pizza             |       |       |     1 ||     1
